TOP OF THE 1ST |
Saskatoon Smokin' Guns batting - Pitching for Jasper Cougars : LHP Logan Brown
|
Pitching: LHP Logan Brown
|
|
Batting: RHB Luis Suárez
|
0-0: Called Strike 0-1: Foul Ball, location: 2F 0-2: Ball 1-2: Ball 2-2: Foul Ball, location: 2F 2-2: Foul Ball, location: 2F 2-2: Reached on error, E6 (Groundball, 6)
|
Batting: RHB Lyle Johnston
|
0-0: Foul Ball, location: 2F 0-1: Ball 1-1: Ball 2-1: Ball 3-1: Base on Balls Luis Suárez to second
|
Batting: RHB Juan Alvarado
|
0-0: Ball 1-0: Foul Ball, location: 2F 1-1: Foul Ball, location: 2F 1-2: Fly out, F6 (Popup, 6MD)
|
Batting: RHB Artie Turner
|
0-0: Ball 1-0: Ball Luis Suárez steals 3rd base 2-0: Foul Ball, location: 2F 2-1: Foul Ball, location: 2F 2-2: Foul Ball, location: 2F 2-2: Strikes out swinging Lyle Johnston steals 2nd base Batter strikes out.
|
Batting: RHB Júlio Durán
|
0-0: Foul Ball, location: 2F 0-1: Ground out 6-3 (Groundball, 6)
|
Top of the 1st over - 0 runs, 0 hits, 1 error, 2 left on base; Saskatoon 0 - Jasper 0 |
BOTTOM OF THE 1ST |
Jasper Cougars batting - Pitching for Saskatoon Smokin' Guns : RHP Jorge Valentín
|
Pitching: RHP Jorge Valentín
|
|
Batting: RHB Tim Guerrero
|
0-0: Ball 1-0: Ground out 6-3 (Groundball, 6M)
|
Batting: SHB Kel Davis
|
0-0: Ball 1-0: Ball 2-0: Ball 3-0: Base on Balls
|
Batting: LHB Iván Soriano
|
0-0: Called Strike 0-1: Ball 1-1: Ball 2-1: Foul Ball, location: 2F 2-2: Ball 3-2: Base on Balls Kel Davis to second
|
Batting: LHB Luis García
|
0-0: Fielders Choice at 2nd, 4-6 (Groundball, 4) Kel Davis to third
|
Batting: RHB Ben Wilson
|
0-0: Called Strike 0-1: Ball 1-1: Foul Ball, location: 2F 1-2: Fly out, F9 (Flyball, 9D)
|
Bottom of the 1st over - 0 runs, 0 hits, 0 errors, 2 left on base; Saskatoon 0 - Jasper 0 |
TOP OF THE 2ND |
Saskatoon Smokin' Guns batting - Pitching for Jasper Cougars : LHP Logan Brown
|
Batting: LHB Jim Hall
|
0-0: Ball 1-0: Swinging Strike 1-1: SINGLE (Groundball, 4MD)
|
Batting: RHB Héctor Garza
|
0-0: Ball 1-0: Ball 2-0: Ball 3-0: Base on Balls Jim Hall to second
|
Batting: RHB Roberto García
|
0-0: Foul Ball, location: 2F 0-1: Ball 1-1: Swinging Strike 1-2: Ball 2-2: Foul Ball, location: 2F 2-2: Strikes out swinging
|
Batting: SHB Tetsu Yamada
|
0-0: Ball Jim Hall steals 3rd base 1-0: Fielders Choice at 2nd, 6-4 (Groundball, 6) Jim Hall scores
|
Batting: RHB Luis Suárez
|
0-0: Called Strike 0-1: Ball 1-1: Ball 2-1: Ball 3-1: Foul Ball, location: 2F 3-2: Base on Balls Tetsu Yamada to second
|
Batting: RHB Lyle Johnston
|
0-0: Called Strike 0-1: SINGLE (Line Drive, 5) Tetsu Yamada to third Luis Suárez to second Runner from 3rd tries for Home, SAFE, no throw
|
Batting: RHB Juan Alvarado
|
0-0: Ball 1-0: SINGLE (Groundball, 6MD) Luis Suárez to third Lyle Johnston to second Runner from 3rd tries for Home, SAFE, no throw
|
Batting: RHB Artie Turner
|
0-0: Called Strike 0-1: Ball 1-1: Called Strike 1-2: Foul Ball, location: 2F 1-2: Ball 2-2: Strikes out swinging
|
Top of the 2nd over - 3 runs, 3 hits, 0 errors, 2 left on base; Saskatoon 3 - Jasper 0 |
BOTTOM OF THE 2ND |
Jasper Cougars batting - Pitching for Saskatoon Smokin' Guns : RHP Jorge Valentín
|
Batting: SHB Jerry Young
|
0-0: Called Strike 0-1: Swinging Strike 0-2: Strikes out swinging
|
Batting: LHB John Miller
|
0-0: Ball 1-0: Swinging Strike 1-1: Ball 2-1: Foul Ball, location: 2F 2-2: Ground out 4-3 (Groundball, 4)
|
Batting: RHB Andrés Pérez
|
0-0: Hit by Pitch
|
Batting: RHB Manny López
|
0-0: Ball 1-0: Ball 2-0: SINGLE (Groundball, 5S) (infield hit) Andrés Pérez to second
|
Batting: RHB Tim Guerrero
|
0-0: Ball 1-0: Fly out, F8 (Flyball, 8LXD)
|
Bottom of the 2nd over - 0 runs, 1 hit, 0 errors, 2 left on base; Saskatoon 3 - Jasper 0 |
TOP OF THE 3RD |
Saskatoon Smokin' Guns batting - Pitching for Jasper Cougars : LHP Logan Brown
|
Batting: RHB Júlio Durán
|
0-0: Ball 1-0: SINGLE (Groundball, 34S) (infield hit)
|
Batting: LHB Jim Hall
|
0-0: Called Strike 0-1: Ball 1-1: Called Strike 1-2: Ball 2-2: Strikes out swinging
|
Batting: RHB Héctor Garza
|
0-0: Ball Júlio Durán steals 2nd base 1-0: Foul Ball, location: 2F 1-1: SINGLE (Line Drive, 6MD) Júlio Durán to third Runner from 3rd tries for Home, SAFE, no throw
|
Batting: RHB Roberto García
|
0-0: Ball Throwing error on steal attempt, E2 Héctor Garza to third 1-0: Swinging Strike 1-1: Called Strike 1-2: Ball 2-2: Ground out 6-3 (Groundball, 6) Héctor Garza scores
|
Batting: SHB Tetsu Yamada
|
0-0: Ball 1-0: SINGLE (Line Drive, 4D)
|
Batting: RHB Luis Suárez
|
0-0: Ball 1-0: Called Strike 1-1: Called Strike 1-2: Ball 2-2: Hit by Pitch Tetsu Yamada to second
|
Batting: RHB Lyle Johnston
|
0-0: Ball 1-0: Called Strike 1-1: Swinging Strike 1-2: Foul Ball, location: 2F 1-2: Ball 2-2: SINGLE (Line Drive, 34) Tetsu Yamada to third Luis Suárez to second Runner from 3rd tries for Home, SAFE, throw made at trailing runner, OUT at third!
|
Top of the 3rd over - 3 runs, 4 hits, 1 error, 1 left on base; Saskatoon 6 - Jasper 0 |
BOTTOM OF THE 3RD |
Jasper Cougars batting - Pitching for Saskatoon Smokin' Guns : RHP Jorge Valentín
|
Batting: SHB Kel Davis
|
0-0: Called Strike 0-1: Fly out, F8 (Flyball, 78D)
|
Batting: LHB Iván Soriano
|
0-0: Foul Ball, location: 2F 0-1: SINGLE (Flyball, 78S)
|
Batting: LHB Luis García
|
0-0: Ball 1-0: Fly out, F3 (Line Drive, 34) Lined into DP, U3 (Line Drive, 34)
|
Bottom of the 3rd over - 0 runs, 1 hit, 0 errors, 0 left on base; Saskatoon 6 - Jasper 0 |
TOP OF THE 4TH |
Saskatoon Smokin' Guns batting - Pitching for Jasper Cougars : LHP Logan Brown
|
Batting: RHB Juan Alvarado
|
0-0: Ball 1-0: Swinging Strike 1-1: Foul Ball, location: 2F 1-2: Ball 2-2: Foul Ball, location: 2F 2-2: Fly out, F6 (Line Drive, 6)
|
Batting: RHB Artie Turner
|
0-0: Swinging Strike 0-1: Swinging Strike 0-2: Ball 1-2: Fly out, F5 (Popup, 5)
|
Batting: RHB Júlio Durán
|
0-0: Called Strike 0-1: Ball 1-1: SINGLE (Flyball, 7LS)
|
Batting: LHB Jim Hall
|
0-0: Ball 1-0: Ball 2-0: Ball 3-0: Base on Balls Júlio Durán to second
|
Batting: RHB Héctor Garza
|
0-0: Foul Ball, location: 2F 0-1: Foul Ball, location: 2F 0-2: Strikes out swinging
|
Top of the 4th over - 0 runs, 1 hit, 0 errors, 2 left on base; Saskatoon 6 - Jasper 0 |
BOTTOM OF THE 4TH |
Jasper Cougars batting - Pitching for Saskatoon Smokin' Guns : RHP Jorge Valentín
|
Batting: RHB Ben Wilson
|
0-0: Ball 1-0: Fly out, F9 (Flyball, 89S)
|
Batting: SHB Jerry Young
|
0-0: Called Strike 0-1: Called Strike 0-2: Ball 1-2: Strikes out swinging
|
Batting: LHB John Miller
|
0-0: Ball 1-0: Foul Ball, location: 2F 1-1: Ball 2-1: Fly out, F9 (Line Drive, 9S)
|
Bottom of the 4th over - 0 runs, 0 hits, 0 errors, 0 left on base; Saskatoon 6 - Jasper 0 |
TOP OF THE 5TH |
Saskatoon Smokin' Guns batting - Pitching for Jasper Cougars : LHP Logan Brown
|
Batting: RHB Roberto García
|
0-0: Ball 1-0: Foul Ball, location: 2F 1-1: SOLO HOME RUN (Line Drive, 78XD), Distance : 387 ft
|
Batting: SHB Tetsu Yamada
|
0-0: SINGLE (Groundball, 6D)
|
Batting: RHB Luis Suárez
|
0-0: Called Strike 0-1: SINGLE (Flyball, 89S) Tetsu Yamada to second Runner from 2nd tries for 3rd, SAFE, throw made to third
|
Batting: RHB Lyle Johnston
|
0-0: Ball 1-0: Ground out 5-3 (Groundball, 56S) Tetsu Yamada scores Luis Suárez to second
|
Batting: RHB Juan Alvarado
|
0-0: Ball Luis Suárez steals 3rd base 1-0: Ball 2-0: Called Strike 2-1: Ball 3-1: Base on Balls
|
Batting: RHB Artie Turner
|
0-0: Called Strike 0-1: Ball 1-1: Ball 2-1: Ball 3-1: Base on Balls Juan Alvarado to second
|
Pitching: RHP Mario Pagán
|
|
Batting: RHB Júlio Durán
|
0-0: Called Strike 0-1: SINGLE (Line Drive, 78M) Luis Suárez scores Juan Alvarado to third Artie Turner to second
|
Batting: LHB Jim Hall
|
0-0: Ball 1-0: Grounds into fielders choice 1-2 (Groundball, 15S) Artie Turner to third Júlio Durán to second
|
Batting: RHB Héctor Garza
|
0-0: Ball 1-0: Ball 2-0: Ball 3-0: Called Strike 3-1: Base on Balls Artie Turner scores Júlio Durán to third Jim Hall to second
|
Batting: RHB Roberto García
|
0-0: Ball 1-0: Called Strike 1-1: Foul Ball, location: 2F 1-2: Strikes out swinging
|
Top of the 5th over - 4 runs, 4 hits, 0 errors, 3 left on base; Saskatoon 10 - Jasper 0 |
BOTTOM OF THE 5TH |
Jasper Cougars batting - Pitching for Saskatoon Smokin' Guns : RHP Jorge Valentín
|
Batting: RHB Andrés Pérez
|
0-0: Ball 1-0: Ball 2-0: Ball 3-0: Called Strike 3-1: Foul Ball, location: 2F 3-2: Strikes out swinging
|
Batting: RHB Manny López
|
0-0: DOUBLE (Line Drive, 7D)
|
Batting: RHB Tim Guerrero
|
0-0: Ball 1-0: Swinging Strike 1-1: Foul Ball, location: 2F 1-2: Ball 2-2: Ball 3-2: Ground out 4-3 (Groundball, 4) Manny López to third
|
Batting: SHB Kel Davis
|
0-0: Swinging Strike 0-1: Foul Ball, location: 2F 0-2: Ball 1-2: Foul Ball, location: 2F 1-2: Strikes out swinging
|
Bottom of the 5th over - 0 runs, 1 hit, 0 errors, 1 left on base; Saskatoon 10 - Jasper 0 |
TOP OF THE 6TH |
Saskatoon Smokin' Guns batting - Pitching for Jasper Cougars : RHP Mario Pagán
|
Batting: SHB Tetsu Yamada
|
0-0: Ball 1-0: Swinging Strike 1-1: Ball 2-1: Foul Ball, location: 2F 2-2: Strikes out looking
|
Batting: RHB Luis Suárez
|
0-0: Fly out, F7 (Flyball, 7D)
|
Batting: RHB Lyle Johnston
|
0-0: Ball 1-0: SINGLE (Groundball, 6MD)
|
Batting: RHB Juan Alvarado
|
0-0: Called Strike 0-1: Ball Lyle Johnston steals 2nd base 1-1: Fly out, F9 (Flyball, 89M)
|
Top of the 6th over - 0 runs, 1 hit, 0 errors, 1 left on base; Saskatoon 10 - Jasper 0 |
BOTTOM OF THE 6TH |
Jasper Cougars batting - Pitching for Saskatoon Smokin' Guns : RHP Jorge Valentín
|
Batting: LHB Iván Soriano
|
0-0: Called Strike 0-1: Swinging Strike 0-2: Ball 1-2: Strikes out swinging
|
Batting: LHB Luis García
|
0-0: Called Strike 0-1: SINGLE (Groundball, 4MD)
|
Batting: RHB Ben Wilson
|
0-0: Grounds into double play, 5-4-3 (Groundball, 5D)
|
Bottom of the 6th over - 0 runs, 1 hit, 0 errors, 0 left on base; Saskatoon 10 - Jasper 0 |
TOP OF THE 7TH |
Saskatoon Smokin' Guns batting - Pitching for Jasper Cougars : RHP Mario Pagán
|
Batting: RHB Artie Turner
|
0-0: Ball 1-0: Foul Ball, location: 2F 1-1: Swinging Strike 1-2: Ball 2-2: Ball 3-2: Ground out 5-3 (Groundball, 5S)
|
Batting: RHB Júlio Durán
|
0-0: Ground out 4-3 (Groundball, 4D)
|
Batting: LHB Jim Hall
|
0-0: Called Strike 0-1: Foul Ball, location: 2F 0-2: SINGLE (Line Drive, 4D)
|
Batting: RHB Héctor Garza
|
0-0: Called Strike Jim Hall steals 2nd base 0-1: Called Strike 0-2: Foul Ball, location: 2F 0-2: Strikes out swinging
|
Top of the 7th over - 0 runs, 1 hit, 0 errors, 1 left on base; Saskatoon 10 - Jasper 0 |
BOTTOM OF THE 7TH |
Jasper Cougars batting - Pitching for Saskatoon Smokin' Guns : RHP Jorge Valentín
|
Batting: SHB Jerry Young
|
0-0: Ball 1-0: Fly out, F8 (Flyball, 8LXD)
|
Batting: LHB John Miller
|
0-0: Ball 1-0: Ball 2-0: Foul Ball, location: 2F 2-1: DOUBLE (Line Drive, 78D)
|
Batting: RHB Andrés Pérez
|
0-0: Foul Ball, location: 2F 0-1: Foul Ball, location: 2F 0-2: Strikes out swinging
|
Batting: RHB Manny López
|
0-0: Ball 1-0: Fly out, F8 (Line Drive, 8LM)
|
Bottom of the 7th over - 0 runs, 1 hit, 0 errors, 1 left on base; Saskatoon 10 - Jasper 0 |
TOP OF THE 8TH |
Saskatoon Smokin' Guns batting - Pitching for Jasper Cougars : RHP Mario Pagán
|
Batting: RHB Roberto García
|
0-0: Called Strike 0-1: Foul Ball, location: 2F 0-2: Ball 1-2: Strikes out looking
|
Batting: SHB Tetsu Yamada
|
0-0: Ball 1-0: Foul Ball, location: 2F 1-1: Ball 2-1: Ball 3-1: Called Strike 3-2: Base on Balls
|
Batting: RHB Luis Suárez
|
0-0: Ball 1-0: Ball 2-0: Fly out, F7 (Flyball, 7)
|
Pinch Hitting: LHB José Domínguez
|
0-0: Ball 1-0: Foul Ball, location: 2F 1-1: Ball 2-1: Ground out U3 (Groundball, 34)
|
Top of the 8th over - 0 runs, 0 hits, 0 errors, 1 left on base; Saskatoon 10 - Jasper 0 |
BOTTOM OF THE 8TH |
Jasper Cougars batting - Pitching for Saskatoon Smokin' Guns : RHP Jorge Valentín
|
Now at 1B: José Domínguez
|
|
Pinch Hitting: RHB Richie Sawyer
|
0-0: Called Strike 0-1: Hit by Pitch
|
Batting: SHB Kel Davis
|
0-0: Ball 1-0: Fly out, F3 (Popup, 23F)
|
Batting: LHB Iván Soriano
|
0-0: Ball 1-0: Ball 2-0: Called Strike 2-1: Ball 3-1: Base on Balls Richie Sawyer to second
|
Batting: LHB Luis García
|
0-0: Ball 1-0: SINGLE (Groundball, 34D) Richie Sawyer to third Iván Soriano to second Runner from 3rd tries for Home, SAFE, throw made home
|
Pitching: RHP Tomás Padilla
|
|
Batting: RHB Ben Wilson
|
0-0: Called Strike 0-1: Fly out, F8 (Flyball, 8LD)
|
Batting: SHB Jerry Young
|
0-0: Ball 1-0: Ball 2-0: Ground out U3 (Groundball, 3D)
|
Bottom of the 8th over - 1 run, 1 hit, 0 errors, 2 left on base; Saskatoon 10 - Jasper 1 |
TOP OF THE 9TH |
Saskatoon Smokin' Guns batting - Pitching for Jasper Cougars : RHP Mario Pagán
|
Now at SS: Júlio González
|
|
Batting: RHB Juan Alvarado
|
0-0: Ball 1-0: Ball 2-0: Ball 3-0: Called Strike 3-1: Base on Balls
|
Pitching: RHP Troy Perkins
|
|
Batting: RHB Artie Turner
|
0-0: Fly out, F9 (Flyball, 89M)
|
Batting: RHB Júlio Durán
|
0-0: Ball 1-0: Foul Ball, location: 2F 1-1: Swinging Strike 1-2: Strikes out swinging
|
Batting: LHB Jim Hall
|
0-0: Ball 1-0: Ball 2-0: Ball 3-0: Base on Balls Juan Alvarado to second
|
Batting: RHB Héctor Garza
|
0-0: Called Strike 0-1: Ball 1-1: Swinging Strike 1-2: Strikes out swinging
|
Top of the 9th over - 0 runs, 0 hits, 0 errors, 2 left on base; Saskatoon 10 - Jasper 1 |
BOTTOM OF THE 9TH |
Jasper Cougars batting - Pitching for Saskatoon Smokin' Guns : RHP Tomás Padilla
|
Batting: LHB John Miller
|
0-0: Called Strike 0-1: Foul Ball, location: 2F 0-2: Fly out, F9 (Flyball, 9LS)
|
Batting: RHB Andrés Pérez
|
0-0: Called Strike 0-1: Fly out, F8 (Flyball, 8RS)
|
Batting: RHB Manny López
|
0-0: Called Strike 0-1: DOUBLE (Line Drive, 7LD)
|
Batting: RHB Júlio González
|
0-0: Ball 1-0: 2-RUN HOME RUN (Flyball, 7D), Distance : 343 ft
|
Batting: SHB Kel Davis
|
0-0: Ball 1-0: Ball 2-0: Ball 3-0: Base on Balls
|
Batting: LHB Iván Soriano
|
0-0: Ball 1-0: Ball 2-0: Ball 3-0: Called Strike 3-1: Base on Balls Kel Davis to second
|
Batting: LHB Luis García
|
0-0: Ball 1-0: 3-RUN HOME RUN (Flyball, 89XD), Distance : 381 ft
|
Pitching: RHP José Gabriel
|
|
Batting: RHB Ben Wilson
|
0-0: Called Strike 0-1: Fly out, F2 (Popup, 23F)
|
Bottom of the 9th over - 5 runs, 3 hits, 0 errors, 0 left on base; Saskatoon 10 - Jasper 6 |
|